 Dungeon Crawl Stone Soup version 0.22-a0-567-gff9aefc (webtiles) character file.

1676 Amnesiac the Prestidigitator (level 8, -1/39 HPs)
             Began as a Spriggan Fighter on June 30, 2018.
             Was an Initiate of Ru.
             Slain by an orc wizard
             ... wielding a +0 dagger
              (3 damage)
             ... on level 4 of the Dungeon.
             The game lasted 00:16:56 (6194 turns).

Amnesiac the Prestidigitator (Spriggan Fighter)     Turns: 6194, Time: 00:16:57

Health: -1/39      AC:  2    Str: 14    XL:     8   Next: 70%
Magic:  15/15      EV: 23    Int: 15    God:    Ru [......]
Gold:   194        SH:  6    Dex: 15    Spells: 7/7 levels left

rFire    . . .     SeeInvis +   a - +1 rapier
rCold    . . .     Gourm    .   c - +0 buckler
rNeg     + . .     Faith    .   b - +0 robe
rPois    .         Spirit   .   (helmet restricted)
rElec    .         Reflect  .   (no cloak)
rCorr    .         Harm     .   (gloves unavailable)
MR       +....                  (boots unavailable)
Stlth    +++.......             (no amulet)
HPRegen  0.13/turn              e - ring of positive energy
MPRegen  0.14/turn              (no ring)

@: brilliant, very quick
A: very small, unfitting armour, see invisible, herbivore, speed 3, slow
metabolism 2, disrupted magic 1
a: Renounce Religion


You were on level 4 of the Dungeon.
You worshipped Ru.
Ru was noncommittal.
You were not hungry.

You visited 2 branches of the dungeon, and saw 7 of its levels.

You collected 194 gold pieces.

Inventory:

Hand Weapons
 a - a +1 rapier (weapon)
 n - a +2 hand axe of electrocution
Missiles
 k - 2 throwing nets (quivered)
Armour
 b - a +0 robe (worn)
 c - a +0 buckler (worn)
Jewellery
 e - a ring of positive energy (left hand)
Wands
 o - a wand of digging (14)
Scrolls
 h - 2 scrolls of remove curse {!r}
 j - a scroll of teleportation {!r}
 q - 3 scrolls of magic mapping {!r}
 r - a scroll of blinking {!r}
Potions
 d - a potion of might {!q}
 i - a potion of resistance {!q, unknown}
 l - a potion of brilliance {!q}
 m - 2 potions of lignification {!q, unknown}
 p - a potion of curing {!q, unknown}
 s - a potion of magic {!q}
 t - a potion of haste {!q}
 u - a potion of degeneration {!q, unknown}
Comestibles
 f - 9 rations


   Skills:
 - Level 2.6 Fighting
 * Level 5.9 Short Blades
 + Level 8.2 Dodging
 + Level 5.8 Stealth
 - Level 3.6 Shields
 + Level 8.4 Evocations


You had 7 spell levels left.
You didn't know any spells.
Your spell library was empty.

Dungeon Overview and Level Annotations

Branches:
Dungeon (6/15)             Temple (1/1) D:6

Altars:
Ashenzari
Cheibriados
Dithmenos
Elyvilon
Fedhas
Gozag
Hepliaklqana
Kikubaaqudgha
Nemelex Xobeh
Okawaru
Qazlal
Ru
Trog
Uskayaw
Wu Jian
Xom
Yredelemnul
Zin
The Shining One

Shops:
D:5 }

Annotations:
D:4 Dowan, Duvessa


Innate Abilities, Weirdness & Mutations

You are very small and have problems with some larger weapons.
You are too small for most types of armour.
You have supernaturally acute eyesight. (SInv)
You are a herbivore.
You cover ground extremely quickly.
You need to consume almost no food.
Your casting is slightly disrupted.


Message History

Okay, then.
Really read
g - a scroll labeled RUECUU LIHELOI {!r}?
As you read the scroll labeled RUECUU LIHELOI {!r}, it crumbles to dust.
It is a scroll of enchant weapon.
Your +0 rapier glows red for a moment.
The orc wizard gestures wildly while chanting.
The orc wizard seems to speed up.
The orc wizard is no longer moving quickly.
The orc wizard casts a spell at you. The magic dart hits you!
The orc wizard closely misses you.
You swing at nothing.
You closely miss the orc wizard. The orc wizard misses you.
You hit the orc wizard.
The orc wizard is moderately wounded.
The orc wizard gestures at you while chanting.
You block the puff of frost.
You barely miss the orc wizard.
The orc wizard is moderately wounded.
The orc wizard misses you.
You closely miss the orc wizard.
The orc wizard is moderately wounded.
The orc wizard points at you and mumbles some strange words.
The puff of flame misses you.
You hit the orc wizard.
The orc wizard is moderately wounded.
The orc wizard gestures at you while chanting.
The magic dart hits you!
You closely miss the orc wizard.
The orc wizard is moderately wounded.
The orc wizard hits you with a dagger.
You closely miss the orc wizard.
The orc wizard is moderately wounded.
The orc wizard mumbles some strange words.
The orc wizard seems to speed up.
You closely miss the orc wizard.
The orc wizard is moderately wounded.
The orc wizard points at you and mumbles some strange words.
The magic dart hits you!
* * * LOW HITPOINT WARNING * * *
You hit the orc wizard.
The orc wizard is severely wounded.
The orc wizard points at you and mumbles some strange words.
The puff of flame hits you!
* * * LOW HITPOINT WARNING * * *
The orc wizard points at you and mumbles some strange words.
The puff of flame misses you.
You hit the orc wizard but do no damage.
The orc wizard is severely wounded.
The orc wizard gestures at you while chanting.
The magic dart hits you!
* * * LOW HITPOINT WARNING * * *
Dowan gestures wildly while chanting.
Dowan blinks!
Really quaff
s - 2 pink potions {!q}?
It was a potion of magic {!q}.
Magic courses through your body. You block the orc wizard's attack.
Duvessa says, "Where magic fails, the sword succeeds!"
The orc wizard completely misses you.
Really quaff
l - 2 sapphire potions {!q}?
It was a potion of brilliance {!q}.
You feel clever all of a sudden. The orc wizard hits you with a dagger.
You die...

#..o.............##
##o.o<##.#
#.###.###o#.....##
#o#####.# #.# #.#
#.##...## #.#####.#
##o###.# #.###'##
#e......# #..o...# #.# #.#
#.####### #..##### #.# #.#
#e# #..#######.###.## #.#
#..........##...##### #.#
#.##............@ooe####.#
#ยง
#.########...###...oe.# #o
# ##.## ######## #o ### ##


You could see Duvessa, Dowan, an orc wizard and 2 orcs.

Vanquished Creatures
  Pikel (D:5)
  Grinder (D:5)
  Menkaure (D:5)
  A slave (D:5)
  An ogre (D:4)
  2 centaurs (D:5)
  A scorpion (D:4)
  3 jellies (Temple)
  2 crimson imps (D:5)
  4 hounds
  2 iguanas
  A hound zombie (D:4)
  6 adders
  8 gnolls
  A shadow imp (D:5)
  An ooze (D:2)
  2 dart slugs
  16 orcs
  2 ball pythons
  9 bats
  6 giant cockroaches
  3 goblins
  11 hobgoblins
  5 jackals
  8 kobolds
  A quokka (D:2)
  3 frilled lizards (D:2)
  A quokka zombie (D:5)
  8 rats
111 creatures vanquished.

Vanquished Creatures (others)
  A plant (D:3)
1 creature vanquished.

Grand Total: 112 creatures vanquished

Notes
Turn   | Place    | Note
-------+----------+-------------------------------------------
     0 | D:1      | Amnesiac the Spriggan Fighter began the quest for the Orb.
     0 | D:1      | Reached XP level 1. HP: 11/11 MP: 2/2
   170 | D:1      | Reached XP level 2. HP: 5/16 MP: 3/3
   603 | D:2      | Reached XP level 3. HP: 18/19 MP: 4/4
   710 | D:2      | Found a glowing silver altar of Zin.
   712 | D:2      | Found a stormy altar of Qazlal.
  1430 | D:4      | Noticed a scorpion
  1434 | D:4      | Killed a scorpion
  1434 | D:4      | Reached XP level 4. HP: 23/23 MP: 5/5
  1436 | D:4      | Reached skill level 5 in Dodging
  1619 | D:4      | Noticed a phantom
  1713 | D:4      | Noticed an ogre
  1827 | D:4      | Reached XP level 5. HP: 17/27 MP: 6/6
  1943 | D:4      | Killed an ogre
  1951 | D:4      | Noticed Duvessa
  1951 | D:4      | Noticed Dowan
  1961 | D:5      | Entered Level 5 of the Dungeon
  1961 | D:5      | Found Teluemeg's Gadget Shop.
  1961 | D:5      | Noticed Grinder
  2022 | D:5      | Reached XP level 6. HP: 13/32 MP: 7/7
  2183 | D:5      | Reached skill level 1 in Evocations
  2804 | D:5      | Found an ancient bone altar of Kikubaaqudgha.
  2927 | D:5      | Killed Grinder
  2927 | D:5      | Reached XP level 7. HP: 26/35 MP: 10/12
  2953 | D:5      | Noticed Menkaure
  2961 | D:5      | Noticed Pikel
  2970 | D:5      | Killed Menkaure
  2983 | D:6      | Found a staircase to the Ecumenical Temple.
  2993 | Temple   | Entered the Ecumenical Temple
  3032 | Temple   | Became a worshipper of Ru the Awakened
  3461 | Temple   | HP: 1/35 [acid (9)]
  4030 | D:5      | Killed Pikel
  4030 | D:5      | Reached XP level 8. HP: 38/39 MP: 15/15
  4075 | D:5      | Reached skill level 5 in Short Blades
  4075 | D:5      | Reached skill level 5 in Stealth
  4383 | D:3      | Found a shimmering altar of Xom.
  4836 | D:3      | Found a glowing golden altar of the Shining One.
  5351 | D:1      | Gained mutation: Your casting is slightly disrupted. [Ru sacrifice]
  5641 | D:2      | Found an ornate altar of the Wu Jian Council.
  6194 | D:4      | Slain by an orc wizard

Vault maps used:
D:1:      dpeg_arrival_shelter
D:2:      nicolae_overflow_hidden_temple, lemuel_doored_altar
D:3:      tso_altar, lemuel_crystal_altar, chequers_big_river
D:4:      first_ration, dk_noncrumbling_3, uniq_duvessa
D:5:      serial_shops, shop, basic_altar, uniq_menkaure, uniq_pikel,
          uniq_grinder
D:6:      minmay_temple_entry_statues, gammafunk_ghost_necromancy, uniq_edmund
Temple:   nicolae_temple_figure_eight

Skill      XL: |  1  2  3  4  5  6  7  8 |
---------------+-------------------------+-----
Shields        | 3 |  3.6
Dodging        | 5 8 |  8.2
Evocations     | 6 8 |  8.4
Stealth        | 4 5 |  5.8
Short Blades   | 4 5 |  5.9
Fighting       | |  2.6

Action                   |  1- 3 |  4- 6 |  7- 9 || total
-------------------------+-------+-------+-------++-------
Melee: Rapier            |    78 |     8 |   274 ||   360
       Hand axe          |     4 |   103 |    11 ||   118
Throw: Throwing net      |     1 |       |       ||     1
Invok: Sacrifice Essence |       |       |     1 ||     1
Evoke: Wand              |       |     1 |     7 ||     8
  Use: Scroll            |     2 |       |     6 ||     8
       Potion            |       |     1 |     2 ||     3
 Stab: Sleeping          |     2 |       |     6 ||     8
       Paralysed         |       |     4 |    24 ||    28
       Distracted        |       |       |     1 ||     1
  Eat: Ration            |       |       |     3 ||     3
Armor: Robe              |     9 |     5 |     9 ||    23
Dodge: Dodged            |    70 |    84 |   174 ||   328
Block: Buckler           |    36 |    30 |    68 ||   134

Table legend:
 A = Spawn XP
 B = Non-spawn XP
 C = Spawn XP percentage of total XP
 D = Spawn monster count
 E = Non-spawn monster count
 F = Spawn count percentage of total count
 G = Total turns spent on level
                    A         B        C        D         E        F      G
               +---------+---------+-------+---------+---------+-------+---------
         Total |       0 |    2395 |   0.0 |       0 |     110 |   0.0 |  6194
               +---------+---------+-------+---------+---------+-------+---------
           D:1 |       0 |      44 |   0.0 |       0 |      25 |   0.0 |   894
           D:2 |       0 |     134 |   0.0 |       0 |      27 |   0.0 |   733
           D:3 |       0 |     112 |   0.0 |       0 |      22 |   0.0 |  1306
           D:4 |       0 |     311 |   0.0 |       0 |      11 |   0.0 |  1075
           D:5 |       0 |    1603 |   0.0 |       0 |      22 |   0.0 |  1155
        Temple |       0 |     191 |   0.0 |       0 |       3 |   0.0 |  1011
               +---------+---------+-------+---------+---------+-------+---------
